 Dungeon Crawl Stone Soup version 0.18.1-48-g4cf74bf (webtiles) character file.

6352 Alarkh the Carver (level 10, -4/67 HPs)
             Began as a Mummy Skald on Sept 13, 2016.
             Was an Elder of Okawaru.
             Slain by an orc wizard
             ... wielding a +2 dagger of electrocution
              (11 damage)
             ... on level 10 of the Dungeon.
             The game lasted 00:22:21 (12028 turns).

Alarkh the Carver (Mummy Skald)                    Turns: 12028, Time: 00:22:22

Health: -4/67      AC: 14    Str: 16    XL:     10   Next: 65%
Magic:  13/19      EV: 11    Int: 15    God:    Okawaru [****..]
Gold:   427        SH:  0    Dex: 15    Spells: 3 memorised, 15 levels left

rFire  . . .     SeeInvis .     a - +0 falchion
rCold  + . .     Gourm    .     t - +5 leather armour of Duperriy {MR+}
rNeg   + + +     Faith    .     (no shield)
rPois  ∞         Spirit   .     l - +0 helmet
rElec  .         Dismiss  .     v - +0 cloak
rCorr  .         Reflect  .     g - +2 pair of gloves
SustAt .         Harm     .     f - +0 pair of boots
MR     ++...                    (no amulet)
Stlth  +.........               s - ring of protection from fire
                                m - +4 ring of dexterity

@: very slightly contaminated, very resistant to hostile enchantments, very
unstealthy
A: no food or potions, fire vulnerability, cold resistance 1, negative energy
resistance 3, torment resistance, unbreathing
a: Heroism, Renounce Religion


You were on level 10 of the Dungeon.
You worshipped Okawaru.
Okawaru was greatly pleased with you.
You were not hungry.

You visited 2 branches of the dungeon, and saw 11 of its levels.

You collected 562 gold pieces.
You spent 135 gold pieces at shops.

Inventory:

Hand Weapons
 a - a +0 falchion (weapon)
Missiles
 u - 3 throwing nets (quivered)
Armour
 b - a +0 leather armour
 f - a +0 pair of boots (worn)
 g - a +2 pair of gloves (worn)
 l - a +0 helmet (worn)
 t - the +5 leather armour of Duperriy (worn) {MR+}
   (You found it on level 4 of the Dungeon)

   It affects your resistance to hostile enchantments.
 v - a +0 cloak (worn)
 y - a +0 buckler
Magical Staves
 H - an uncursed staff of cold
Jewellery
 m - a +4 ring of dexterity (left hand)
 s - a ring of protection from fire (right hand)
 w - an uncursed ring of flight
 x - an uncursed ring of fire
 z - an uncursed amulet of guardian spirit
Wands
 h - a wand of acid (0/15)
 k - a wand of digging (15/24)
 p - a wand of random effects (2/48)
 A - a wand of flame (37/48)
 C - a wand of polymorph (14/24)
 F - a wand of confusion (33/48)
 K - a wand of lightning (2/15)
Scrolls
 d - 2 scrolls of immolation
 i - 2 scrolls of amnesia
 j - 5 scrolls of remove curse
 n - a scroll of enchant weapon
 o - 4 scrolls of teleportation
 q - a scroll of recharging
 r - 2 scrolls of noise
 B - a scroll of enchant armour
 E - 3 scrolls of magic mapping {unknown}
 G - 2 scrolls of vulnerability {unknown}
 I - a scroll of acquirement {unknown}
 J - a scroll of fog {unknown}
Books
 c - a book of Battle

   Spells                             Type                      Level
   a - Infusion                       Charms                       1
   b - Shroud of Golubria             Charms/Translocation         2
   c - Song of Slaying                Charms                       2
   d - Spectral Weapon                Hexes/Charms                 3
   e - Regeneration                   Charms/Necromancy            3
Miscellaneous
 D - an ornate deck of wonders {Dowsing}


   Skills:
 - Level 2.0 Fighting
 * Level 11.2 Long Blades
 - Level 0.7 Armour
 - Level 0.7 Dodging
 + Level 6.4 Spellcasting
 + Level 5.9 Charms


You had 15 spell levels left.
You knew the following spells:

 Your Spells              Type           Power        Failure   Level  Hunger
a - Spectral Weapon       Hex/Chrm       ##......     17%         3    N/A
b - Shroud of Golubria    Chrm/Tloc      ##........   10%         2    N/A
c - Infusion              Chrm           ###.         1%          1    N/A

Dungeon Overview and Level Annotations

Branches:
Dungeon (10/15)            Temple (1/1) D:5            Lair (0/8) D:8
    Orc (0/2) D:9

Altars:
Ashenzari
Cheibriados
Dithmenos
Elyvilon
Fedhas
Gozag
Kikubaaqudgha
Makhleb
Nemelex Xobeh
Okawaru
Pakellas
Qazlal
Ru
Sif Muna
Trog
Vehumet
Xom
Yredelemnul
Zin
The Shining One

Shops:
D:5 [

Annotations:
D:8 Prince Ribbit
D:10 Psyche


Innate Abilities, Weirdness & Mutations

You do not eat or drink.
Your flesh is vulnerable to fire.
You are immune to poison.
Your flesh is cold resistant.
You are immune to negative energy.
You are immune to unholy pain and torment.
You can survive without breathing.


Message History

Things that are here:
a short sword; a leather armour; a killer bee corpse You completely miss the orc wizard.
Your spectral weapon hits the orc wizard.
The orc wizard hits you but does no damage.
You are electrocuted!
You hit the orc wizard.
The orc wizard is severely wounded.
Your spectral weapon barely misses the orc wizard.
You hit the orc wizard.
The orc wizard is almost dead.
Your spectral weapon fades away.
The orc wizard hits you but does no damage.
You are electrocuted!
* * * LOW HITPOINT WARNING * * *
You hit the orc wizard but do no damage.
The orc wizard is almost dead.
The orc wizard hits you but does no damage.
You are electrocuted!
You die...

#..######
#.....†.#
...#####.#
#.# #.#
#.# #.#
#.#
######@#
####
#.....o#
...#
#.######
##!# #.#
#.# #.#
#.# #.#
#.# #.#
#.# #[#
#.# #.#


You could see an orc wizard.

Vanquished Creatures
  The ghost of shugdite the Fighter, a novice MiFi of Okawaru (D:7)
  Pikel (D:6)
  A deep elf mage (D:6)
  A troll (D:9)
  Grinder (D:6)
  Sigmund (D:2)
  A yak (D:9)
  Grum (D:8)
  2 hippogriffs
  Duvessa (D:6)
  3 orc warriors
  2 sky beasts
  A slave (D:6)
  A phantom (D:10)
  An ice beast (D:8)
  3 wolves (D:8)
  3 ogres
  3 centaurs
  A big kobold (D:9)
  6 giant frogs
  Dowan (D:6)
  4 scorpions
  8 killer bees
  A jelly (D:7)
  3 lava snakes (D:7)
  A giant frog zombie (D:6)
  A crimson imp (D:6)
  A quasit (D:8)
  6 orc priests
  5 orc wizards
  4 hounds
  A giant frog skeleton (D:8)
  3 iguanas
  Natasha (twice) (D:2)
  3 worker ants
  Ijyb (D:2)
  A worker ant zombie (D:9)
  7 gnolls
  8 adders
  2 shadow imps
  4 oozes
  An adder skeleton (D:6)
  An adder zombie (D:5)
  5 worms
  3 dart slugs (D:2)
  3 giant geckos
  29 orcs
  A ball python (D:1)
  2 bats (D:1)
  2 giant cockroaches
  8 goblins
  6 hobgoblins
  24 jackals
  5 quokkas
  A giant gecko skeleton (D:4)
  A giant gecko zombie (D:7)
  6 giant newts
  A jackal skeleton (D:7)
  17 kobolds
  A quokka zombie (D:8)
  5 rats
224 creatures vanquished.

Vanquished Creatures (others)
  A slave (D:6)
  A jackal (D:7)
  A quokka zombie (D:7)
  10 spectral weapons
13 creatures vanquished.

Grand Total: 237 creatures vanquished

Notes
Turn   | Place    | Note
--------------------------------------------------------------
     0 | D:1      | Alarkh the Mummy Skald began the quest for the Orb.
     0 | D:1      | Reached XP level 1. HP: 16/16 MP: 3/3
   162 | D:1      | Reached skill level 2 in Long Blades
   166 | D:1      | Reached XP level 2. HP: 22/22 MP: 3/5
   716 | D:2      | Learned a level 2 spell: Shroud of Golubria
   723 | D:2      | Noticed Natasha
   725 | D:2      | Noticed a crimson imp
   729 | D:2      | Noticed a crimson imp
   977 | D:2      | Reached XP level 3. HP: 23/27 MP: 2/6
  1004 | D:2      | Found a snail-covered altar of Cheibriados.
  1037 | D:2      | Noticed Ijyb
  1067 | D:2      | Killed Ijyb
  1067 | D:2      | Reached skill level 3 in Long Blades
  1343 | D:2      | Killed Natasha
  1343 | D:2      | Reached XP level 4. HP: 27/33 MP: 1/7
  1534 | D:2      | Reached skill level 4 in Long Blades
  1550 | D:2      | Noticed Sigmund
  1729 | D:3      | Noticed an orc warrior
  1740 | D:3      | Killed an orc warrior
  1740 | D:3      | Reached XP level 5. HP: 7/38 MP: 4/8
  2068 | D:3      | Reached skill level 5 in Long Blades
  2103 | D:3      | Found an oddly glowing altar of Pakellas.
  2457 | D:3      | Found an ancient bone altar of Kikubaaqudgha.
  2464 | D:3      | Found a shadowy altar of Dithmenos.
  2469 | D:3      | Found a radiant altar of Vehumet.
  2624 | D:3      | Found a shattered altar of Ashenzari.
  2943 | D:2      | Reached XP level 6. HP: 39/44 MP: 3/9
  3102 | D:2      | Learned a level 3 spell: Spectral Weapon
  3310 | D:2      | Noticed Natasha
  3330 | D:2      | Killed Natasha
  4096 | D:2      | Killed Sigmund
  4096 | D:2      | Reached skill level 6 in Long Blades
  4164 | D:2      | Found a blossoming altar of Fedhas.
  4426 | D:4      | Reached XP level 7. HP: 44/50 MP: 1/10
  4484 | D:4      | Found an oddly glowing altar of Pakellas.
  5336 | D:4      | Reached skill level 7 in Long Blades
  5730 | D:4      | Got a dazzling leather armour
  5741 | D:4      | Identified the +5 leather armour of Duperriy {MR+} (You found it on level 4 of the Dungeon)
  6090 | D:5      | Entered Level 5 of the Dungeon
  6287 | D:5      | Found Baseydok's Antique Armour Boutique.
  6289 | D:5      | Bought a cloak for 135 gold pieces
  6692 | D:6      | Found a white marble altar of Elyvilon.
  6730 | D:6      | Noticed Grinder
  6759 | D:6      | Killed Grinder
  6759 | D:6      | Reached skill level 8 in Long Blades
  6759 | D:6      | Reached XP level 8. HP: 56/56 MP: 0/11
  6982 | D:6      | Noticed Pikel
  7041 | D:5      | Found a staircase to the Ecumenical Temple.
  7047 | Temple   | Entered the Ecumenical Temple
  7190 | Temple   | Became a worshipper of Warmaster Okawaru
  7570 | D:6      | Killed Pikel
  7570 | D:6      | Reached * piety under Okawaru
  7570 | D:6      | Reached skill level 9 in Long Blades
  7704 | D:6      | Noticed Duvessa
  7704 | D:6      | Noticed Dowan
  7714 | D:6      | Killed Duvessa
  7714 | D:6      | Reached XP level 9. HP: 55/61 MP: 6/14
  7727 | D:6      | Killed Dowan
  7789 | D:6      | Noticed a deep elf mage
  7809 | D:6      | Killed a deep elf mage
  7809 | D:6      | Reached ** piety under Okawaru
  8046 | D:7      | Noticed shugdite's ghost (novice MiFi)
  8269 | D:7      | Killed shugdite's ghost
  8269 | D:7      | Reached skill level 10 in Long Blades
  8269 | D:7      | Reached skill level 5 in Spellcasting
  8751 | D:7      | Reached *** piety under Okawaru
  8867 | D:7      | Reached skill level 5 in Charms
  9077 | D:8      | Found a sacrificial altar of Ru.
  9221 | D:8      | Reached XP level 10. HP: 63/67 MP: 14/18
  9356 | D:8      | Noticed a centaur warrior
  9549 | D:8      | Noticed Grum
  9567 | D:8      | Killed Grum
  9657 | D:8      | Found a staircase to the Lair.
 10034 | D:9      | Received a gift from Okawaru
 10168 | D:9      | Noticed Prince Ribbit
 11100 | D:9      | Reached skill level 11 in Long Blades
 11267 | D:9      | Reached **** piety under Okawaru
 11456 | D:9      | Found a staircase to the Orcish Mines.
 11714 | D:9      | Found a bloodstained altar of Trog.
 11756 | D:10     | Entered Level 10 of the Dungeon
 11797 | D:10     | Noticed Psyche
 12028 | D:10     | Slain by an orc wizard

Skill      XL: |  1  2  3  4  5  6  7  8  9 10 |
---------------+-------------------------------+-----
Long Blades    | 2 3 4 5 6 8 9 10 11 | 11.2
Spellcasting   | 3 5 6 |  6.4
Charms         | 3 5 |  5.9
Fighting       | |  2.0
Armour         | |  0.7
Dodging        | |  0.7

Action                   |  1- 3 |  4- 6 |  7- 9 | 10-12 || total
-------------------------+-------+-------+-------+-------++-------
Melee: Falchion          |    92 |   163 |   377 |   307 ||   939
Throw: Throwing net      |       |       |     3 |       ||     3
 Cast: Infusion          |    16 |    22 |    13 |     2 ||    53
       Shroud of Golubri |     1 |     3 |     5 |     3 ||    12
       Spectral Weapon   |       |     3 |    39 |    37 ||    79
Invok: Heroism           |       |       |     1 |       ||     1
Evoke: Wand              |       |     5 |     9 |     3 ||    17
  Use: Scroll            |     5 |     2 |     9 |     2 ||    18
 Stab: Distracted        |       |       |     2 |     5 ||     7
       Held in net/web   |       |       |     1 |       ||     1
       Paralysed         |       |       |     4 |       ||     4
       Sleeping          |       |       |     1 |       ||     1
Armor: Leather armour    |    37 |    52 |   159 |   136 ||   384
Dodge: Dodged            |    68 |    77 |   180 |   167 ||   492
